 Dungeon Crawl Stone Soup version 0.27.0-1-g7a089689b8 (console) character file.

Game seed: 12220232879091498128

86 FIQ the Magician (level 4, 28/31 HPs)
             Began as a Djinni Fire Elementalist on Aug 8, 2021.
             Was a Follower of Fedhas.
             Quit the game on level 2 of the Dungeon.
             The game lasted 00:03:28 (3465 turns).

FIQ the Magician (Djinni Fire Elementalist)         Turns: 3465, Time: 00:03:29

Health: 28/31      AC:  5    Str:  7    XL:     4   Next: 77%
Gold:   30         EV: 12    Int: 21    God:    Fedhas [*.....] SH:  0 Dex: 13

rFire    + + .     SeeInvis .   (no weapon)
rCold    x . .     Faith    .   (no shield)
rNeg     . . .     Spirit   .   a - +0 robe
rPois    ∞         Reflect  .   (no helmet)
rElec    .         Harm     .   (no cloak)
rCorr    .         Rampage  .   c - +2 pair of gloves "Epau" {Int+3}
Will     .....                  (boots unavailable)
Stlth    ++........             (no amulet)
HPRegen  0.10/turn              (no ring)
MPRegen  0.00/turn              (no ring)

@: flying
A: sickness immunity, fire resistance 2, cold vulnerability 1, float, innate
caster, hp casting, extra vitality 1
a: Renounce Religion


You were on level 2 of the Dungeon.
You worshipped Fedhas.
Fedhas was aware of your devotion.
You visited 1 branch of the dungeon, and saw 2 of its levels.

You collected 30 gold pieces.

Inventory:

Armour
 a - a +0 robe (worn)
 c - the +2 pair of gloves "Epau" (worn) {Int+3}
   (You acquired it on level 2 of the Dungeon)

   Int:       It affects your intelligence (+3).
Scrolls
 h - 2 scrolls of identify {unknown}
 i - a scroll of silence {unknown}
Potions
 b - a potion of heal wounds {unknown}
 d - a potion of degeneration {unknown}
 f - a potion of ambrosia {unknown}
 g - 2 potions of curing {unknown}
 j - a potion of flight {unknown}


   Skills:
 - Level 2.1 Dodging
 - Level 1.5 Stealth
 + Level 4.0 Spellcasting


You couldn't memorise any spells.
You knew the following spells:

 Your Spells              Type           Power      Damage    Failure   Level
a - Foxfire               Conj/Fire      84%        2x1d8     2%          1
b - Conjure Flame         Conj/Fire      21%        6-21      7%          3
c - Inner Flame           Hex/Fire       21%        N/A       7%          3
d - Sticky Flame          Conj/Fire      21%        2d4       22%         4
e - Fireball              Conj/Fire      10%        3d6       54%         5
f - Sting                 Tmut/Pois      84%        1d7       2%          1
Your spell library was empty.

Dungeon Overview and Level Annotations

Branches:
Dungeon (2/15)

Altars:
Fedhas


Innate Abilities, Weirdness & Mutations

You are immune to sickness and miasma.
You are immune to poison.
Your flesh is very heat resistant. (rF++)
You are vulnerable to cold. (rC-)
You float through the air rather than walking.
You learn spells naturally, not from books.
Your magical power is your life essence.
You have superior vitality. (+4 HP)


Message History

You conjure some foxfire!
You conjure some foxfire!
The foxfire hits the rat.
You kill the rat!
You conjure some foxfire!
You conjure some foxfire!
Your foxfire dissipates! x3
Your foxfire dissipates!
Your foxfire dissipates!
Found 17 stones.
There is a faded altar of an unknown god here.
You cannot tell which god this altar belongs to.
Convert to them anyway?
Fedhas accepts your prayer! Fedhas welcomes you!
The plants of the dungeon cease their hostilities.
As you read the scroll labelled HOGONGIUDD, it crumbles to dust.
Wisps of shadow whirl around you...
It was a scroll of summoning.
This is a scroll of acquirement!
Something appears before you!
c - the +2 pair of gloves "Epau" {Int+3}
Okay, then.
You start putting on your armour.
You continue putting on the +2 pair of gloves "Epau" {Int+3}. x4
You finish putting on the +2 pair of gloves "Epau" {Int+3}.
You feel clever.
Your worm dissolves into shadows!
As you open the door, it creaks loudly!
There is an open door here.
A bat comes into view.
A bat is nearby!
A bat is nearby!
A bat is nearby!
You conjure some foxfire!
The foxfire hits the bat!
You kill the bat!
Fedhas appreciates your contribution to the ecosystem.
Your worm dissolves into shadows!
You conjure some foxfire!
There is not enough space to conjure foxfire!
Your goblin dissolves into shadows!
You conjure some foxfire!
Are you sure you want to abandon this character and quit the game? (Confirm with "yes".)

#### #.# #.# #.# #.#
#.# #.# #.# #.# #.#
#.# #.# #.#
#########.# #.#
..........# #.#
########### #.#
#.##### #.. #..v@S#
### ######## #.###v#
.......####
#####'#####
###.......#
#....≈.g..# #.#####.#
#..##≈##.(# ###.#
#.###....≈....# ....#
#...#....≈....# ###.#
#.###.###_###w###
#.#####.#
#†..)≈..S.#.#########


You could see a friendly adder (summoned).

Vanquished Creatures
  Robin (D:2)
  2 adders (D:2)
  A worm (D:2)
  A dart slug (D:1)
  5 endoplasms
  A giant cockroach (D:2)
  9 goblins
  8 hobgoblins
  4 kobolds
  2 quokkas (D:2)
  3 ball pythons
  3 bats
  3 frilled lizards
  6 rats
49 creatures vanquished.

Vanquished Creatures (others)
  276 foxfires
276 creatures vanquished.

Grand Total: 325 creatures vanquished

Notes
Turn   | Place    | Note
-------+----------+-------------------------------------------
     0 | D:1      | FIQ the Djinni Fire Elementalist began the quest for the
                  | Orb.
     0 | D:1      | Reached XP level 1. HP: 15/15 MP: 0/0
   675 | D:1      | Reached XP level 2. HP: 19/21 MP: 0/0
   850 | D:1      | Reached skill level 3 in Spellcasting
  1613 | D:1      | Reached XP level 3. HP: 22/25 MP: 0/0
  1613 | D:1      | Learned a level 1 spell: Sting
  2163 | D:2      | Noticed Robin
  2170 | D:2      | Killed Robin
  2183 | D:2      | Reached XP level 4. HP: 13/31 MP: 0/0
  3231 | D:2      | Reached skill level 4 in Spellcasting
  3410 | D:2      | Found a faded altar of an unknown god.
  3421 | D:2      | Became a worshipper of Fedhas Madash
  3421 | D:2      | Reached * piety under Fedhas
  3423 | D:2      | Identified a scroll of acquirement
  3423 | D:2      | Acquired the +2 pair of gloves "Epau" {Int+3}
  3465 | D:2      | Quit the game

Illustrated notes

Levels and vault maps discovered:
D:1:      nzn_arrival_water_spiral, layout_basic
D:2:      layout_loops_ring, shapermc_ecumenical_altar_notcrosses,
          chequers_serial_rivers_small_3, uniq_robin

Skill      XL: |  1  2  3  4 |
---------------+-------------+-----
Spellcasting   | 3 4 |  4.0
Dodging        | |  2.1
Stealth        | |  1.5

Action                   |  1- 3 |  4- 6 || total
-------------------------+-------+-------++-------
 Cast: Foxfire           |   112 |    58 ||   170
  Use: Scroll            |       |     2 ||     2
Armor: Robe              |     2 |       ||     2
Dodge: Dodged            |     5 |     9 ||    14
